 Dungeon Crawl Stone Soup version 0.14-a0-953-g9e7f188 (webtiles) character file.

2087 PolkaDot the Ruinous (level 8, -3/52 HPs)
             Began as a Vampire Conjurer on Nov 20, 2013.
             Was a Believer of Vehumet.
             Slain by a staircase mimic (12 damage)
             ... on Level 7 of the Dungeon.
             The game lasted 00:43:45 (8747 turns).

PolkaDot the Ruinous (Vampire Conjurer)             Turns: 8747, Time: 00:43:45

HP  -3/52        AC  4     Str  7      XL: 8   Next: 90%
MP  15/17        EV 20     Int 19      God: Vehumet [**....]
Gold 225         SH  0     Dex 14      Spells:  5 memorised,  1 level left

Res.Fire  : . . .   See Invis. : +   e - +3,+0 sling (evade)
Res.Cold  : . . .   Warding    : .   y - +0 robe
Life Prot.: + . .   Conserve   : +   (no shield)
Res.Poison: +       Res.Corr.  : .   (no helmet)
Res.Elec. : .       Clarity    : .   (no cloak)
Sust.Abil.: . .     Spirit.Shd : .   f - +0 pair of gloves
Res.Mut.  : .       Stasis     : .   x - +0 pair of boots
Res.Rott. : .       Flight     : .   m - amulet of conservation
Saprovore : . . .                    j - ring of poison resistance
                                     p - +3 ring of evasion

@: about to teleport, held, somewhat resistant to hostile enchantments, stealthy
A: bottle blood, fangs 3, see invisible, unbreathing
a: Bat Form, Bottle Blood, Renounce Religion


You were on level 7 of the Dungeon.
You worshipped Vehumet.
Vehumet was pleased with you.
You were not thirsty.

You visited 2 branches of the dungeon, and saw 8 of its levels.
You also visited: Ossuary.

You collected 291 gold pieces.
You spent 66 gold pieces at shops.

Inventory:

Hand weapons
 e - a +3,+0 sling of evasion (weapon)
 g - a +3,+2 elven whip
Armour
 f - a +0 pair of gloves (worn)
 x - a +0 pair of boots (worn)
 y - a +0 robe (worn)
Magical devices
 w - a wand of teleportation (2)
Scrolls
 a - a scroll of fog {unknown}
 b - 2 scrolls of identify
 d - 3 scrolls of fear
 h - a scroll of curse weapon {unknown}
 i - 5 scrolls of remove curse
 n - a scroll of enchant weapon I {unknown}
 r - a scroll of enchant armour {unknown}
 s - 3 scrolls of recharging
 t - a scroll of vulnerability {unknown}
 v - 3 scrolls of enchant weapon II {unknown}
Jewellery
 j - a ring of poison resistance (right hand)
 l - a cursed ring of hunger
 m - an amulet of conservation (around neck)
 o - a +4 ring of protection {unknown}
 p - a +3 ring of evasion (left hand)
Books
 c - a book of Conjurations

   Spells                             Type                      Level
   *Magic Dart                        Conjuration                  1
   *Searing Ray                       Conjuration                  2
   Dazzling Spray                     Conjuration/Hexes            3
   *Iskenderun's Mystic Blast         Conjuration                  4
   *Iskenderun's Battlesphere         Conjuration/Charms           4
   Fulminant Prism                    Conjuration/Hexes            5


   Skills:
 - Level 2.1 Dodging
 - Level 3.0 Stealth
 - Level 3.0 Spellcasting
 * Level 7.2 Conjurations
 + Level 5.0 Charms
 * Level 5.0 Air Magic


You had one spell level left.
You knew the following spells:

 Your Spells              Type           Power        Failure   Level  Hunger
a - Magic Dart            Conj           ####         1%          1    None
d - Iskenderun's Mystic   Conj           ####....     12%         4    ####...
s - Searing Ray           Conj           ####..       1%          2    ##.....
z - Iskenderun's Battles  Conj/Chrm      ####....     14%         4    ####...
A - Shock                 Conj/Air       ####         1%          1    None


Dungeon Overview and Level Annotations

Branches:
Dungeon (7/16)             Temple (1/1) D:5
    Orc: D:6-11

Altars:
Ashenzari
Cheibriados
Elyvilon
Fedhas
Kikubaaqudgha
Makhleb
Nemelex Xobeh
Okawaru
Sif Muna
Trog
Vehumet
Xom
Yredelemnul
Zin
the Shining One

Shops:
D:6 ?


Innate Abilities, Weirdness & Mutations

You can bottle blood from corpses.
You have razor-sharp teeth.*
You have supernaturally acute eyesight.
You can survive without breathing.*


Message History

Casting: Searing Ray
Confirm with . or Enter, or press ? or * to list all spells.
Aiming: Searing Ray
Press: ? - help, Shift-Dir - straight line, f - staircase mimic
Aim: a staircase mimic (holding you)
The searing ray hits the staircase mimic.
The staircase mimic is lightly damaged.
The centaur shoots an arrow.
The arrow misses you.
The centaur shoots an arrow.
The arrow hits you!
* * * LOW HITPOINT WARNING * * *
The staircase mimic misses you. The staircase mimic hits you.
* * * LOW HITPOINT WARNING * * *
Drink which item? (? for menu, Esc to quit)
You feel better. The staircase mimic barely misses you.
The staircase mimic hits you but does no damage.
Drink which item? (? for menu, Esc to quit)
You feel better.
The centaur shoots an arrow.
The arrow hits you!
* * * LOW HITPOINT WARNING * * *
The staircase mimic closely misses you. The staircase mimic hits you!
You die...

#########
#<......#
#######.# #.#
############# #.#
#...@>.......
#.###.###.#######
#.##....#.#
#.##..#.#.#
#.......#..
#########.c ...
... .


You could see a staircase mimic and a centaur.

Vanquished Creatures
  A hippogriff (D:6)
  Eustachio (D:6)
  A necrophage (D:6)
  A sky beast (D:6)
  2 phantoms
  A centaur (D:6)
  A giant frog (D:6)
  3 crimson imps
  6 orc priests
  A hound (D:4)
  A scorpion (D:4)
  A giant frog skeleton (D:6)
  A jelly (D:5)
  7 orc wizards
  A worker ant (D:6)
  6 big kobold zombies (Ossuary)
  2 mummies (Ossuary)
  9 adders
  4 gnolls (D:5)
  A lemure (D:6)
  A white imp (D:6)
  2 worms (D:2)
  4 adder zombies
  2 grey rats (D:6)
  A giant eyeball (D:5)
  An ooze (D:3)
  4 giant geckos
  33 orcs
  7 bats
  3 giant cockroaches
  A gnoll zombie (Ossuary)
  16 hobgoblins
  13 jackals
  7 kobolds
  3 quokkas
  A ball python (D:3)
  A giant gecko skeleton (D:4)
  4 giant newts
  10 goblins
  A hobgoblin skeleton (D:6)
  3 hobgoblin zombies (Ossuary)
  5 kobold zombies (Ossuary)
  3 orc zombies (Ossuary)
  10 rats
  2 rat skeletons
189 creatures vanquished.

Notes
Turn   | Place    | Note
--------------------------------------------------------------
     0 | D:1      | PolkaDot, the Vampire Conjurer, began the quest for the Orb.
     0 | D:1      | Reached XP level 1. HP: 13/13 MP: 4/4
   473 | D:1      | Paralysed by a potion of paralysis for 4 turns
   491 | D:1      | Reached XP level 2. HP: 19/19 MP: 1/5
   501 | D:1      | Learned a level 2 spell: Searing Ray
  1347 | D:2      | Reached XP level 3. HP: 5/24 MP: 1/6
  1778 | D:2      | Reached skill level 4 in Conjurations
  2157 | D:2      | Found a shattered altar of Ashenzari.
  2290 | D:2      | Reached XP level 4. HP: 18/30 MP: 8/8
  2534 | D:3      | Found a glowing golden altar of the Shining One.
  2535 | D:3      | Noticed an angel
  2821 | D:3      | Reached XP level 5. HP: 30/35 MP: 4/9
  3041 | D:3      | Reached skill level 5 in Conjurations
  3049 | D:3      | Learned a level 4 spell: Iskenderun's Battlesphere
  3229 | D:3      | Found a basalt altar of Yredelemnul.
  3233 | D:3      | Noticed a profane servitor
  3346 | D:4      | Found a bloodstained altar of Trog.
  3660 | D:4      | Reached XP level 6. HP: 41/41 MP: 12/12
  4104 | D:4      | Reached skill level 1 in Charms
  4269 | D:5      | Entered Level 5 of the Dungeon
  4511 | D:5      | Reached XP level 7. HP: 33/46 MP: 4/15
  4805 | D:5      | Found a staircase to the Ecumenical Temple.
  4811 | Temple   | Entered the Ecumenical Temple
  4975 | Temple   | Became a worshipper of Vehumet
  5009 | D:5      | Identified a scroll of acquirement
  5095 | D:5      | Learned a level 4 spell: Iskenderun's Mystic Blast
  5199 | D:5      | Found a sand-covered staircase.
  5205 | Ossuary  | Entered an ossuary
  5348 | Ossuary  | Reached skill level 6 in Conjurations
  6215 | Ossuary  | Acquired Vehumet's first power
  6215 | Ossuary  | Offered knowledge of Shock by Vehumet.
  6221 | Ossuary  | Learned a level 1 spell: Shock
  6820 | D:5      | Reached skill level 1 in Air Magic
  7208 | D:6      | Reached XP level 8. HP: 20/52 MP: 10/17
  7685 | D:6      | Offered knowledge of Sandblast by Vehumet.
  8086 | D:6      | Found Qaliod's Magic Scroll Emporium.
  8220 | D:6      | Bought a scroll of recharging for 66 gold pieces
  8409 | D:6      | Noticed Eustachio
  8436 | D:6      | Reached skill level 7 in Conjurations
  8536 | D:6      | Killed Eustachio
  8622 | D:6      | Reached skill level 5 in Charms
  8622 | D:6      | Reached skill level 5 in Air Magic
  8747 | D:7      | Slain by a staircase mimic

Action                   |  1- 3 |  4- 6 |  7- 9 || total
-------------------------+-------+-------+-------++-------
Melee: Unarmed           |    24 |       |       ||    24
       Whip              |    38 |   140 |    22 ||   200
       Short sword       |     1 |       |       ||     1
 Fire: Sling             |       |       |    94 ||    94
 Cast: Magic Dart        |    34 |     7 |    35 ||    76
       Searing Ray       |     4 |    20 |    43 ||    67
       Iskenderun's Myst |       |       |    13 ||    13
       Iskenderun's Batt |       |       |     3 ||     3
  Use: Potion            |     3 |     7 |     4 ||    14
       Scroll            |       |     3 |     9 ||    12
 Stab: Sleeping          |     3 |     3 |       ||     6
       Confused          |       |     1 |       ||     1
       Distracted        |       |     1 |       ||     1
